 Dungeon Crawl Stone Soup version 0.17-a0-2098-gf59d6bc (webtiles) character file.

2895 Geeful the Grappler (level 10, 0/65 HPs)
             Began as a Human Wanderer on Oct 17, 2015.
             Was a Believer of Makhleb.
             Succumbed to a killer bee's poison
             ... on level 5 of the Dungeon.
             The game lasted 00:25:11 (11278 turns).

Geeful the Grappler (Human Wanderer)               Turns: 11278, Time: 00:25:11

Health: 0/65       AC:  7    Str: 15    XL:     10   Next: 5%
Magic:  17/17      EV: 12    Int: 16    God:    Makhleb [**....]
Gold:   385        SH:  0    Dex: 14    Spells: 0 memorised, 9 levels left

rFire  . . .     SeeInvis +       - Unarmed
rCold  . . .     Clarity  .     q - +1 ring mail of the Sturgeon {+Fly MR+ SInv}
rNeg   . . .     SustAt   .     (no shield)
rPois  .         Gourm    .     (no helmet)
rElec  .         Spirit   .     (no cloak)
rCorr  .         Warding  .     k - +0 pair of gloves
rMut   .         Stasis   .     (no boots)
MR     ++...                    (no amulet)
Stlth  ++........               s - +4 ring of intelligence
                                o - ring of protection from magic

@: lethally poisoned (0 -> -15), very slightly contaminated, hasted, very quick,
very resistant to hostile enchantments, unstealthy
A: no striking features
a: Minor Destruction, Renounce Religion, Evoke Flight


You were on level 5 of the Dungeon.
You worshipped Makhleb.
Makhleb was pleased with you.
You were not hungry.

You visited 1 branch of the dungeon, and saw 8 of its levels.

You collected 385 gold pieces.

Inventory:

Missiles
 r - 18 poisoned needles
Armour
 k - a +0 pair of gloves (worn)
 q - the +1 ring mail of the Sturgeon (worn) {+Fly MR+ SInv}
   (You found it on level 4 of the Dungeon)

   It affects your resistance to hostile enchantments.
   It lets you see invisible.
   It lets you fly.
Jewellery
 o - a ring of protection from magic (left hand)
 s - a +4 ring of intelligence (right hand)
Wands
 h - a wand of confusion (10)
 j - a wand of draining (5)
 t - a wand of magic darts (3)
Scrolls
 a - 4 scrolls of remove curse
 c - a scroll of fear {unknown}
 d - 5 scrolls of identify
 e - a scroll of enchant weapon {unknown}
 m - 2 scrolls of teleportation
Potions
 b - 4 potions of haste
 n - a potion of might
Comestibles
 f - 9 bread rations


   Skills:
 - Level 1.0 Fighting
   Level 2.0 Staves
 - Level 3.0 Dodging
 - Level 3.0 Stealth
   Level 1.0 Shields
 + Level 9.9 Unarmed Combat
 + Level 9.3 Invocations


You had 9 spell levels left.
You didn't know any spells.

Dungeon Overview and Level Annotations

Branches:
Dungeon (8/15)             Temple (0/1) D:7
   Lair: D:8-11

Altars:
Fedhas
Makhleb
Yredelemnul

Shops:
D:6 }


Message History

* * * LOW HITPOINT WARNING * * *
You feel sick.
Read which item? (? for menu, Esc to quit)
Blink to where?
Press: ? - help, Dir - move target cursor
As you read the scroll of blinking, it crumbles to dust.
* * * LOW HITPOINT WARNING * * *
You feel sick.
* * * LOW HITPOINT WARNING * * *
You feel sick.
You climb upwards.
* * * LOW HITPOINT WARNING * * *
You feel sick.
There is a stone staircase leading down, spattered with blood here.
You're too hungry to rest.
Eat which item? (? for menu, Esc to quit)
* * * LOW HITPOINT WARNING * * *
You feel sick.
You continue eating.
You die...

############..#####
..................#
############..###.#
#.##..# #.# #.##..#
#.# #..#..# #.#
######..#..# #.#
####.......#..###.#
...............[@[#
####.####.....###.#
#.# #########[## #.#
#..........# ## #.#
#.########## .# #.#
#.# .###.#
#.############
.'...####.##.........#
.###....#.##.#######.#


There were no monsters in sight!

Vanquished Creatures
  4 orc warriors
  4 ogres
  3 sky beasts
  2 centaurs
  2 ice beasts
  A wasp (D:7)
  3 giant frogs
  A big kobold (D:6)
  3 scorpions
  5 crimson imps
  A giant frog zombie (D:6)
  2 quasits (D:7)
  A giant frog skeleton (D:6)
  3 hounds
  3 orc priests
  2 jellies
  6 orc wizards
  6 worker ants
  A hound zombie (D:8)
  4 gnolls (D:3)
  10 adders
  A shadow imp (D:6)
  An adder zombie (D:5)
  2 worms
  5 giant geckos
  24 orcs
  14 bats
  9 giant cockroaches
  10 goblins
  9 hobgoblins
  A quokka (D:8)
  A ball python (D:1)
  A giant gecko zombie (D:6)
  5 giant newts
  A jackal skeleton (D:4)
  5 kobolds
  A quokka skeleton (D:5)
  A quokka zombie (D:6)
  9 rats
167 creatures vanquished.

Notes
Turn   | Place    | Note
--------------------------------------------------------------
     0 | D:1      | Geeful the Human Wanderer began the quest for the Orb.
     0 | D:1      | Geeful set off with: a +2 dagger, a potion of haste, a potion of lignification, a +0 quarterstaff, a +0 robe, a bread ration
     0 | D:1      | Reached XP level 1. HP: 15/15 MP: 1/1
    77 | D:1      | Reached skill level 1 in Unarmed Combat
   123 | D:1      | Reached XP level 2. HP: 16/21 MP: 2/2
   573 | D:1      | Reached XP level 3. HP: 19/26 MP: 3/3
  1560 | D:2      | Reached XP level 4. HP: 32/32 MP: 4/4
  1955 | D:2      | Found a faded altar to an unknown god.
  2402 | D:3      | Reached skill level 4 in Unarmed Combat
  2416 | D:3      | Reached XP level 5. HP: 4/37 MP: 5/5
  2423 | D:3      | HP: 2/55 [poisoned by an adder]
  2431 | D:3      | HP: 2/55 [poisoned by an adder]
  3842 | D:3      | Found a burning altar of Makhleb.
  3848 | D:3      | Became a worshipper of Makhleb the Destroyer
  3917 | D:3      | Reached skill level 5 in Unarmed Combat
  3917 | D:3      | Reached XP level 6. HP: 32/43 MP: 6/6
  3986 | D:3      | Reached skill level 1 in Invocations
  5139 | D:4      | Reached XP level 7. HP: 41/48 MP: 9/9
  5146 | D:4      | Reached * piety under Makhleb
  5315 | D:4      | Reached skill level 6 in Unarmed Combat
  5342 | D:4      | Got a distressingly furry ring mail
  5365 | D:4      | Identified the cursed +1 ring mail of the Sturgeon {+Fly MR+ SInv} (You found it on level 4 of the Dungeon)
  5773 | D:5      | Entered Level 5 of the Dungeon
  6349 | D:5      | Reached XP level 8. HP: 46/54 MP: 11/11
  6631 | D:5      | Reached skill level 5 in Invocations
  6754 | D:5      | Reached skill level 7 in Unarmed Combat
  7545 | D:6      | Found Kamoul's Quality Used Wands.
  7735 | D:6      | Reached ** piety under Makhleb
  7735 | D:6      | Reached skill level 8 in Unarmed Combat
  8112 | D:5      | Reached XP level 9. HP: 34/59 MP: 14/14
  9387 | D:7      | Reached skill level 9 in Unarmed Combat
  9712 | D:7      | Found a basalt altar of Yredelemnul.
 10234 | D:7      | Found a staircase to the Ecumenical Temple.
 10485 | D:7      | Found a blossoming altar of Fedhas.
 10539 | D:7      | Paralysed by a wasp for 3 turns
 10842 | D:7      | Reached XP level 10. HP: 39/65 MP: 16/16
 11276 | D:5      | HP: 3/65 [poisoned by a killer bee]
 11278 | D:5      | Succumbed to a killer bee's poison

Vault maps used:
D:1:      minmay_arrival_solitary_statue
D:2:      ecumenical_altar_2
D:3:      kennysheep_cross_bottleneck, makhleb_blood_cavern_becter
D:5:      first_bread
D:6:      serial_glass, glass_columns_c, glass_columns_b, glass_columns_b,
          glass_columns_a, glass_columns_a, glass_columns_a,
          nicolae_for_you_no_charge
D:7:      kennysheep_mini_moat, lemuel_coloured_pillars_altar,
          minmay_temple_entry_fiery
D:8:      old_standard_altar, tgw_sif, serial_shops,
          nicolae_shop_window_shopping, david_nohive_1, nicolae_two_hexagons

Action                   |  1- 3 |  4- 6 |  7- 9 | 10-12 || total
-------------------------+-------+-------+-------+-------++-------
Melee: Unarmed           |   189 |   248 |   459 |    18 ||   914
Evoke: Wand              |       |    16 |    38 |       ||    54
  Use: Potion            |       |     5 |       |     1 ||     6
       Scroll            |       |     1 |    10 |     2 ||    13
 Stab: Sleeping          |     4 |     5 |     3 |     1 ||    13
       Distracted        |       |     1 |       |       ||     1
       Confused          |       |       |    15 |       ||    15
  Eat: Chunk             |     2 |    10 |    15 |       ||    27
       Pizza             |       |     1 |     1 |       ||     2
       Beef jerky        |       |       |     1 |       ||     1
       Meat ration       |       |       |       |     1 ||     1
